 Dungeon Crawl Stone Soup version 0.25-a0-730-g633e9c3c14 (webtiles) character file.

Game seed: 8816321828667447734, levelgen mode: deterministic

186 kae the Ruffian (level 5, -5/40 HPs)
             Began as a Draconian Transmuter on Apr 7, 2020.
             Was an Initiate of Wu Jian.
             Slain by an orc warrior
             ... wielding a +0 flail
              (24 damage)
             ... on level 4 of the Dungeon.
             The game lasted 00:04:47 (3398 turns).

kae the Ruffian (Draconian Transmuter)              Turns: 3398, Time: 00:04:47

Health: -5/40      AC:  6    Str: 14    XL:     5   Next: 38%
Magic:  9/9        EV: 12    Int: 13    God:    Wu Jian [......]
Gold:   155        SH:  0    Dex: 11    Spells: 4/10 levels left

rFire    . . .     SeeInvis .     - Unarmed
rCold    . . .     Gourm    .   (no shield)
rNeg     . . .     Faith    .   (armour unavailable)
rPois    .         Spirit   .   (helmet restricted)
rElec    .         Reflect  .   (no cloak)
rCorr    .         Harm     .   h - +0 pair of gloves (curse)
MR       .....                  (no boots)
Stlth    +.........             (no amulet)
HPRegen  0.13/turn              (no ring)
MPRegen  0.11/turn              (no ring)

@: no status effects
A: unfitting armour, cold-blooded, AC +5
a: Renounce Religion


You were on level 4 of the Dungeon.
You worshipped Wu Jian.
Wu Jian was noncommittal.
You were not hungry.

You visited 1 branch of the dungeon, and saw 4 of its levels.

You collected 155 gold pieces.

Inventory:

Missiles
 a - 99 arrows
Armour
 h - a cursed +0 pair of gloves (worn)
Jewellery
 i - a cursed -3 ring of intelligence {unknown}
Scrolls
 f - a scroll of magic mapping
 k - 2 scrolls of teleportation
 m - 2 scrolls of blinking {unknown}
 n - a scroll of amnesia {unknown}
 o - a scroll of remove curse
Potions
 b - 3 potions of heal wounds
 d - 2 potions of lignification {unknown}
 e - 2 potions of berserk rage {unknown}
 g - a potion of ambrosia {unknown}
 j - 4 potions of curing {unknown}
 p - a potion of haste
 q - 2 potions of brilliance {unknown}
 r - a potion of flight {unknown}
Comestibles
 c - 5 rations
 l - a chunk of flesh


   Skills:
 - Level 1.1 Fighting
 - Level 1.7 Dodging
 * Level 4.8 Unarmed Combat
 + Level 3.0 Spellcasting
 + Level 3.3 Transmutations


You had 4 spell levels left.
You knew the following spells:

 Your Spells              Type           Power        Failure   Level  Hunger
a - Beastly Appendage     Tmut           ##....       6%          1    #......
b - Sticks to Snakes      Tmut           ##......     9%          2    ###....
c - Spider Form           Tmut/Pois      #.........   34%         3    ###....

Your spell library contained the following spells:

 Spells                   Type           Power        Failure   Level  Hunger
 Ice Form                 Ice/Tmut       #.......     75%         4    #####..
 Blade Hands              Tmut           ##........   85%         5    ######.


Dungeon Overview and Level Annotations

Branches:
Dungeon (4/15)
 Temple: D:4-7

Altars:
Nemelex Xobeh
Sif Muna
Trog
Wu Jian

Annotations:
D:4 2 runed translucent doors, Subbak's ghost, amateur DEWz


Innate Abilities, Weirdness & Mutations

Your plain brown scales are hard. (AC +5)
You cannot fit into any form of body armour.
You are cold-blooded and may be slowed by cold attacks.


Message History

You turn into a venomous arachnid creature.
Your cursed +0 pair of gloves melds into your body.
You hit the orc warrior but do no damage.
The orc completely misses you.
Your transformation is almost over.
The orc warrior completely misses you. The orc warrior completely misses you.
Your transformation has ended.
Your cursed +0 pair of gloves unmelds from your body.
The orc priest calls down the wrath of Beogh upon you.
Beogh smites you!
Found a ration.
Found 11 gold pieces.
The orc priest mumbles some strange prayers to Beogh against you.
Beogh smites you!
The orc priest looks braver for a moment.
There is a stone staircase leading up, spattered with blood here.
The orc warrior hits you with a +0 flail!!
Ouch! That really hurt!
You die...

#.#..........#
#.#..........#
#.#....o.....#
#.#..........## ##
#..............$ ..
#.............## ##
######..o.........#
.........o........%#
.#####..#@.........#
#..#.#####....#
#..#..........#
#..#########.# #...
## ## # #.##
#.##≈### # #.
###≈..#.# #
#.≈...#.####
##.≈#.+.....


You could see an orc warrior, an orc priest and an orc.

Vanquished Creatures
  An orc wizard (D:4)
  4 adders
  3 worms (D:2)
  2 dart slugs (D:1)
  A leopard gecko (D:4)
  2 orcs
  7 giant cockroaches
  9 goblins
  15 hobgoblins
  2 jackals (D:3)
  11 kobolds
  3 quokkas (D:3)
  2 ball pythons
  9 bats
  2 frilled lizards (D:1)
  7 rats
80 creatures vanquished.

Vanquished Creatures (collateral kills)
  An orc priest (D:4)
1 creature vanquished.

Grand Total: 81 creatures vanquished

Notes
Turn   | Place    | Note
-------+----------+-------------------------------------------
     0 | D:1      | kae the Draconian Transmuter began the quest for the Orb.
     0 | D:1      | Reached XP level 1. HP: 16/16 MP: 3/3
   104 | D:1      | Reached XP level 2. HP: 14/23 MP: 5/5
   545 | D:1      | Reached XP level 3. HP: 28/28 MP: 4/6
  1050 | D:2      | Reached skill level 4 in Unarmed Combat
  1286 | D:2      | Found a bloodstained altar of Trog.
  1328 | D:2      | Reached XP level 4. HP: 19/35 MP: 7/7
  1562 | D:2      | Found a shimmering blue altar of Sif Muna.
  1758 | D:2      | Found an ornate altar of the Wu Jian Council.
  1869 | D:2      | Became a worshipper of the Wu Jian Council
  2045 | D:3      | Learned a level 2 spell: Sticks to Snakes
  2049 | D:3      | Learned a level 3 spell: Spider Form
  2826 | D:4      | HP: 1/35 [cloud of flame (13)]
  3161 | D:4      | Found a sparkling altar of Nemelex Xobeh.
  3217 | D:4      | Reached XP level 5. HP: 38/40 MP: 0/9
  3296 | D:4      | Found a large runed translucent door.
  3296 | D:4      | Found a large runed translucent door.
  3299 | D:4      | Noticed Subbak's ghost (amateur DEWz)
  3328 | D:4      | Noticed an orc warrior
  3398 | D:4      | Slain by an orc warrior

Levels and vault maps discovered:
D:1:      lemuel_arrival_river_ford, layout_basic, minmay_pentomino_u4
D:2:      layout_basic, old_standard_altar, lemuel_blue_sif_altar,
          old_standard_altar, chequers_jeans, minmay_cut_off
D:3:      layout_basic, first_ration, serial_rivers,
          chequers_serial_rivers_micro_c, chequers_serial_rivers_micro_b,
          chequers_serial_rivers_room_a, chequers_serial_rivers_small_a,
          item_on_display_a
D:4:      layout_basic, lemuel_crystal_altar, ebering_ghost_disaster_area

Skill      XL: |  1  2  3  4  5 |
---------------+----------------+-----
Unarmed Combat | 4 |  4.8
Transmutations | 3 |  3.3
Spellcasting   | 3 |  3.0
Fighting       | |  1.1
Dodging        | |  1.7

Action                   |  1- 3 |  4- 6 || total
-------------------------+-------+-------++-------
Melee: Unarmed           |   143 |   122 ||   265
       Tailslap          |    10 |    11 ||    21
       Headbutt          |     4 |     3 ||     7
       Kick              |     8 |     6 ||    14
       Punch             |       |     1 ||     1
 Cast: Beastly Appendage |    14 |    23 ||    37
       Sticks to Snakes  |       |     1 ||     1
       Spider Form       |       |     1 ||     1
Invok: Lunge             |       |     2 ||     2
  Use: Scroll            |       |     7 ||     7
  Eat: Chunk             |     1 |     8 ||     9
Armor: Skin              |    59 |    38 ||    97
Dodge: Dodged            |   122 |    87 ||   209

Table legend:
 A = Non-vault XP
 B = Vault XP
 C = Vault XP percentage of total XP
 D = Non-vault monster count
 E = Vault monster count
 F = Vault count percentage of total count
                 A         B        C        D         E       F
            +---------+---------+-------+---------+---------+-------
      Total |     256 |      11 |   4.1 |      77 |       4 |   4.9
            +---------+---------+-------+---------+---------+-------
        D:1 |      52 |       4 |   7.1 |      31 |       2 |   6.1
        D:2 |      75 |       7 |   8.5 |      22 |       2 |   8.3
        D:3 |      46 |       0 |   0.0 |      19 |       0 |   0.0
        D:4 |      83 |       0 |   0.0 |       5 |       0 |   0.0
            +---------+---------+-------+---------+---------+-------
